 Dungeon Crawl Stone Soup version 0.22.1-5-g62c59d9 (webtiles) character file.

38416 JustSomeDude the Spear-Bearer (level 13, -10/99 HPs)
             Began as a Demonspawn Fighter on Jan 8, 2019.
             Was a High Priest of Yredelemnul.
             Engulfed by a fire crab's flame (38 damage)
             ... on level 6 of the Lair of Beasts.
             The game lasted 01:04:25 (15949 turns).

JustSomeDude the Spear-Bearer (Demonspawn Fighter) Turns: 15949, Time: 01:04:25

Health: -10/99     AC: 12    Str: 21    XL:     13   Next: 63%
Magic:  21/21      EV:  9    Int: 10    God:    Yredelemnul [*****.]
Gold:   1277       SH: 16    Dex: 13    Spells: 12/12 levels left

rFire    . . .     SeeInvis .   I - +4 spear (freeze)
rCold    . . .     Gourm    .   c - +0 shield
rNeg     . . .     Faith    .   X - +0 chain mail
rPois    +         Spirit   .   (no helmet)
rElec    .         Reflect  .   (no cloak)
rCorr    .         Harm     +   s - +0 pair of gloves
MR       .....                  (boots unavailable)
Stlth    ..........             G - amulet of harm
HPRegen  0.26/turn              r - ring of poison resistance
MPRegen  0.17/turn              (no ring)

@: no status effects
A: hooves 3, large bone plates 1, demonic guardian 2, deterioration 1, spiny 1
a: Recall Undead Slaves, Injury Mirror, Animate Dead, Drain Life, Enslave Soul,
Renounce Religion


You were on level 6 of the Lair of Beasts.
You worshipped Yredelemnul.
Yredelemnul was extremely pleased with you.
You were not hungry.

You visited 4 branches of the dungeon, and saw 19 of its levels.
You also visited: Labyrinth.

You collected 1277 gold pieces.

Inventory:

Hand Weapons
 I - a +4 spear of freezing (weapon)
Missiles
 T - 11 steel javelins (quivered)
Armour
 c - a +0 shield (worn)
 h - a +0 large shield
 s - a +0 pair of gloves (worn)
 v - a scarf of spirit shield
 X - a +0 chain mail (worn)
Jewellery
 r - a ring of poison resistance (left hand)
 G - an amulet of harm (around neck)
Wands
 a - a wand of paralysis (22)
 b - a wand of acid (9)
 u - a wand of polymorph (33)
 C - a wand of clouds (10)
 E - a wand of disintegration (8)
 M - a wand of flame (118)
 O - a wand of enslavement (10)
 U - a wand of iceblast (15)
Scrolls
 e - 2 scrolls of fog {unknown}
 g - 9 scrolls of identify
 i - 4 scrolls of magic mapping
 m - 2 scrolls of blinking
 n - 8 scrolls of teleportation
 q - 9 scrolls of remove curse
 t - 2 scrolls of enchant weapon
 D - 6 scrolls of enchant armour
 H - 3 scrolls of immolation
 S - a scroll of fear
 V - 3 scrolls of amnesia {unknown}
 W - a scroll of torment {unknown}
 Y - 2 scrolls of holy word {unknown}
 Z - a scroll of random uselessness {unknown}
Potions
 d - a potion of cancellation {unknown}
 j - 5 potions of curing
 k - 4 potions of invisibility
 l - a potion of haste
 o - a potion of brilliance {unknown}
 p - a potion of berserk rage {unknown}
 w - 2 potions of agility
 x - 3 potions of degeneration {unknown}
 z - 2 potions of lignification {unknown}
 A - a potion of magic
 B - 4 potions of flight {unknown}
 J - a potion of heal wounds {unknown}
 K - 5 potions of mutation {unknown}
 L - a potion of resistance {unknown}
Miscellaneous
 P - a lightning rod (4/4)
 Q - a phantom mirror
 R - a box of beasts
Comestibles
 f - 21 rations


   Skills:
 + Level 8.5 Fighting
 + Level 11.6 Polearms
 + Level 2.7 Throwing
 + Level 9.4 Armour
 + Level 4.7 Dodging
 + Level 5.3 Stealth
 + Level 10.0 Shields
 * Level 11.5 Invocations


You had 12 spell levels left.
You didn't know any spells.
Your spell library contained the following spells:

 Spells                   Type           Power        Failure   Level  Hunger
 Corona                   Hex            #......      99%         1    ##.....
 Freeze                   Ice            #...         99%         1    ##.....
 Infusion                 Chrm           #...         99%         1    ##.....
 Magic Dart               Conj           #...         99%         1    ##.....
 Blink                    Tloc           N/A          100%        2    ###....
 Call Imp                 Summ           #.......     100%        2    ###....
 Shroud of Golubria       Chrm/Tloc      #.........   100%        2    ###....
 Slow                     Hex            #.......     100%        2    ###....
 Song of Slaying          Chrm           #.......     100%        2    ###....
 Throw Frost              Conj/Ice       #.....       100%        2    ###....
 Conjure Flame            Conj/Fire      #.......     100%        3    ####...
 Inner Flame              Hex/Fire       #.......     100%        3    ####...
 Mephitic Cloud           Conj/Pois/Air  #.......     100%        3    ####...
 Ozocubu's Armour         Chrm/Ice       #.......     100%        3    ####...
 Portal Projectile        Hex/Tloc       #.....       100%        3    ####...
 Regeneration             Chrm/Necr      #.........   100%        3    ####...
 Spectral Weapon          Hex/Chrm       #.......     100%        3    ####...
 Cause Fear               Hex            #.........   100%        4    #####..
 Leda's Liquefaction      Hex/Erth       #.........   100%        4    #####..
 Summon Ice Beast         Ice/Summ       #.......     100%        4    #####..
 Throw Icicle             Conj/Ice       #.......     100%        4    #####..


Dungeon Overview and Level Annotations

Branches:
Dungeon (11/15)            Temple (1/1) D:7            Lair (6/6) D:11
  Swamp (0/4) Lair:3       Spider (0/4) Lair:3        Slime (1/5) Lair:6
    Orc (0/2) D:10

Altars:
Ashenzari
Cheibriados
Dithmenos
Elyvilon
Fedhas
Gozag
Hepliaklqana
Kikubaaqudgha
Makhleb
Nemelex Xobeh
Okawaru
Qazlal
Ru
Sif Muna
Trog
Uskayaw
Vehumet
Wu Jian
Xom
Yredelemnul
Zin
The Shining One

Shops:
D:8 }   D:9 *

Annotations:
D:7 1 runed door
D:9 3 runed doors, kalagan's ghost, novice DEFE
D:11 3 runed doors, Tiagovsky's ghost, novice MfSk
Lair:6 2 runed doors


Innate Abilities, Weirdness & Mutations

You have hooves in place of feet.
You are partially covered in large bone plates. (SH +4)
A demonic guardian rushes to your aid.
You are partially covered in sharp spines.
Your body sometimes deteriorates upon taking damage.


Message History

Yredelemnul accepts your kill.
You swap places.
A fire crab comes into view.
The fire crab breathes flames at you.
Items here: ) ††††† Throwing (i - inventory)
T - 13 steel javelins (quivered)
Press: ? - help, Shift-Dir - straight line, f - fire crab
Aim: a fire crab You throw a steel javelin.
The steel javelin hits the fire crab.
The fire crab is lightly wounded.
You are engulfed in blazing flames.
* * * LOW HITPOINT WARNING * * *
Throwing (i - inventory)
T - 12 steel javelins (quivered)
Press: ? - help, Shift-Dir - straight line, f/p - fire crab
Aim: a fire crab (flame, lightly wounded)
You throw a steel javelin. The steel javelin hits the fire crab!!
The fire crab is heavily wounded.
You are engulfed in blazing flames.
You die...
Your body rises from the dead as a mindless zombie.

.. ###
#####..........)........ . #≈≈
#########................ #
#§≈###8#8#######..######.....#
# #≈≈≈§§≈§≈#8## #### # ##....#
###§§§§.≈≈≈≈≈## ≈≈ #.....
###≈≈§≈.....§≈≈≈#### ≈≈#
##.....
##≈≈≈≈.....§..ZZ§≈≈≈#§≈≈#
#......
#...........§ZZZ##≈≈≈≈#
##......
.........§≈≈§§Z#@#≈≈≈##
#.......
........≈≈§§≈§##.§§≈.#
#.......
.....#§§≈≈§≈≈§≈§§§##.8#
##..[... ....#≈§≈######§≈§.§
.# #...... ....#≈≈## $ ##≈##.§
##..... .....≈≈#(?. #≈# §..
#..... .....≈≈#.D.. #§# .t..
###... .....#≈#.... .#≈ .....
##.Z ....#≈§#......# ≈##...
#.Z.


You could see a fire crab, a friendly crocodile zombie, a friendly eight-headed
hydra zombie, a friendly four-headed hydra zombie, a friendly death yak zombie
and a friendly hippogriff zombie.

Vanquished Creatures
  Kirke (Lair:3)
  6 hydras
  3 death yaks (Lair:5)
  An unseen horror (D:11)
  A cyclops (D:11)
  An orb spider (Lair:3)
  A molten gargoyle (Lair:6)
  3 black mambas
  A torpor snail (Lair:4)
  8 spiny frogs
  4 komodo dragons
  A troll (D:10)
  A queen bee (Lair:1)
  2 slime creatures (Lair:6)
  5 blink frogs
  Grinder (D:3)
  4 hippogriffs
  2 shadows (Lab)
  2 redbacks (Lab)
  3 wraiths (Lair:6)
  4 wyverns
  A hog (Lair:3)
  23 yaks
  A basilisk (D:11)
  10 water moccasins
  Duvessa (D:4)
  2 hell hounds (Lair:6)
  2 orc warriors
  8 porcupines
  An eye of draining (Slime:1)
  A sky beast (D:8)
  2 black bears
  2 ogres
  4 wolves (Lair:3)
  A phantom (D:8)
  2 centaurs (D:11)
  A crocodile (Lair:6)
  13 bullfrogs
  Dowan (D:4)
  2 scorpions
  26 killer bees
  11 wights
  A howler monkey (D:7)
  4 jellies
  A centaur zombie (D:11)
  A crimson imp (D:6)
  A lava snake (Lair:6)
  2 hounds
  2 orc priests
  3 iguanas
  3 orc wizards
  7 worker ants
  A howler monkey zombie (D:9)
  2 worker ant zombies
  A howler monkey skeleton (D:7)
  3 gnolls (D:5)
  8 adders
  A shadow imp (D:10)
  An ooze (D:2)
  2 adder skeletons
  A worm (D:2)
  12 dart slugs
  4 leopard geckos
  15 orcs
  7 bats
  3 giant cockroaches
  6 goblins
  4 hobgoblins
  3 jackals (D:4)
  11 kobolds
  3 quokkas
  A ball python (D:5)
  3 frilled lizards
  5 rats
292 creatures vanquished.

Vanquished Creatures (collateral kills)
  Nessos (Lair:6)
  A minotaur (Lab)
  Josephine (Lair:6)
  4 hydras
  4 death yaks (Lair:6)
  2 two-headed ogres
  Nergalle (Lair:4)
  A shining eye (Slime:1)
  3 black mambas
  A gargoyle (D:10)
  8 spiny frogs
  A rime drake (Lair:4)
  2 komodo dragons
  A polar bear (Lair:6)
  3 blink frogs
  4 hippogriffs
  3 slime creatures (Lair:6)
  A wraith (Lair:6)
  3 wyverns (Lair:4)
  20 yaks
  2 hogs (Lair:3)
  3 basilisks
  2 hell hounds (Lair:6)
  A porcupine (D:11)
  A phantom (D:7)
  A black bear (Lair:4)
  An ogre (D:5)
  4 wolves (Lair:3)
  A centaur (D:10)
  A crocodile (D:11)
  A bullfrog (Lair:1)
  2 wights (D:9)
  A killer bee (Lair:1)
  A howler monkey (D:7)
  A lava snake (Lair:6)
  An orc priest (D:4)
  A jelly (Lair:6)
  A bullfrog skeleton (D:9)
  2 dart slugs (D:3)
  An orc (D:11)
  A quokka zombie (D:8)
  15 fungi
  6 plants
116 creatures vanquished.

Vanquished Creatures (others)
  A death yak zombie (Lair:6)
  2 redback zombies (Lab)
  2 hydra zombies (Lair:6)
  9 flying skulls (Lair:6)
  3 black mamba zombies
  2 spiny frog zombies (Lair:3)
  A hippogriff zombie (Lair:6)
  A cyclops zombie (D:11)
  3 hell hound zombies (Lair:6)
  2 water moccasin zombies (Lair:6)
  8 yak zombies
  A wolf zombie (Lair:3)
  A bullfrog zombie (D:10)
  2 centaur zombies
  A porcupine zombie (Lair:3)
  An orc zombie (D:11)
  12 fungi
  17 plants
69 creatures vanquished.

Grand Total: 477 creatures vanquished

Notes
Turn   | Place    | Note
-------+----------+-------------------------------------------
     0 | D:1      | JustSomeDude the Demonspawn Fighter began the quest for the
                  | Orb.
     0 | D:1      | Reached XP level 1. HP: 18/18 MP: 1/1
   120 | D:1      | Gained mutation: You have large cloven feet. [demonic
                  | ancestry]
   120 | D:1      | Reached XP level 2. HP: 24/24 MP: 2/2
   625 | D:2      | Gained mutation: A weak demonic guardian rushes to your
                  | aid. [demonic ancestry]
   625 | D:2      | Reached XP level 3. HP: 22/29 MP: 3/3
   870 | D:2      | Reached XP level 4. HP: 28/35 MP: 4/4
  1471 | D:3      | Noticed Grinder
  1488 | D:3      | Paralysed by Grinder for 5 turns
  1527 | D:3      | Paralysed by Grinder for 2 turns
  1529 | D:3      | Killed Grinder
  1529 | D:3      | Reached XP level 5. HP: 30/41 MP: 5/5
  2026 | D:3      | Gained mutation: You are partially covered in large bone
                  | plates. (SH +4) [demonic ancestry]
  2026 | D:3      | Reached XP level 6. HP: 47/47 MP: 6/6
  2029 | D:3      | Found an ancient bone altar of Kikubaaqudgha.
  2030 | D:3      | Found a shattered altar of Ashenzari.
  2290 | D:4      | Noticed Duvessa
  2302 | D:4      | Killed Duvessa
  2304 | D:4      | Noticed Dowan
  2308 | D:4      | Killed Dowan
  2389 | D:4      | Reached skill level 5 in Polearms
  2389 | D:4      | Reached XP level 7. HP: 32/53 MP: 7/7
  2893 | D:5      | Entered Level 5 of the Dungeon
  3249 | D:5      | Reached skill level 1 in Stealth
  4235 | D:7      | Reached skill level 1 in Dodging
  4282 | D:7      | Found a staircase to the Ecumenical Temple.
  4306 | Temple   | Entered the Ecumenical Temple
  4474 | Temple   | Became a worshipper of Yredelemnul the Dark
  4510 | D:7      | Gained mutation: You are partially covered in sharp spines.
                  | [demonic ancestry]
  4510 | D:7      | Reached XP level 8. HP: 40/60 MP: 4/8
  4683 | D:7      | Reached skill level 5 in Shields
  4739 | D:7      | Found a runed door.
  5168 | D:8      | Found Meant's Gadget Boutique.
  5393 | D:8      | Reached * piety under Yredelemnul
  5415 | D:8      | Reached skill level 5 in Fighting
  5619 | D:8      | Gained mutation: A demonic guardian rushes to your aid.
                  | [demonic ancestry]
  5619 | D:8      | Reached XP level 9. HP: 68/68 MP: 9/9
  5740 | D:9      | Found a runed gate.
  5743 | D:9      | Found an opulent altar of Gozag.
  5745 | D:9      | Found a runed gate.
  5745 | D:9      | Found a runed gate.
  5745 | D:9      | Noticed kalagan's ghost (novice DEFE)
  5745 | D:9      | Noticed a two-headed ogre
  5746 | D:9      | Noticed a deep elf knight
  5746 | D:9      | Found Qeotanol's Assorted Antiques.
  5953 | D:9      | Reached skill level 5 in Armour
  6073 | D:10     | Entered Level 10 of the Dungeon
  6081 | D:10     | Found a staircase to the Orcish Mines.
  6269 | D:10     | Reached skill level 1 in Invocations
  6670 | D:10     | Noticed a two-headed ogre
  6674 | D:10     | Killed a two-headed ogre
  6696 | D:10     | Noticed a troll
  6702 | D:10     | Noticed a gargoyle
  6708 | D:10     | Killed a troll
  6712 | D:10     | Killed a gargoyle
  6826 | D:10     | Reached XP level 10. HP: 60/74 MP: 9/12
  7287 | D:11     | Reached ** piety under Yredelemnul
  7363 | D:11     | Noticed a cyclops
  7368 | D:11     | Killed a cyclops
  7407 | D:11     | Noticed a two-headed ogre
  7461 | D:11     | Killed a two-headed ogre
  7461 | D:11     | Reached skill level 5 in Invocations
  7489 | D:11     | Found a staircase to the Lair.
  7560 | D:11     | Found a runed gate.
  7560 | D:11     | Found a runed gate.
  7561 | D:11     | Found a runed gate.
  7564 | D:11     | Noticed Tiagovsky's ghost (novice MfSk)
  7595 | D:11     | Killed an unseen horror
  7659 | D:11     | Found a labyrinth entrance.
  7704 | Lab      | Entered a labyrinth
  9111 | Lab      | Noticed a minotaur
  9123 | Lab      | Killed a minotaur
  9327 | D:11     | Gained mutation: You have hoof-like feet. [demonic
                  | ancestry]
  9327 | D:11     | Reached XP level 11. HP: 77/81 MP: 15/15
  9560 | Lair:1   | Entered Level 1 of the Lair of Beasts
 10164 | Lair:1   | Reached *** piety under Yredelemnul
 10430 | Lair:2   | Noticed a four-headed hydra
 10666 | Lair:2   | Killed a four-headed hydra
 11168 | Lair:2   | Reached skill level 10 in Polearms
 11737 | Lair:3   | Found a staircase to the Swamp.
 11758 | Lair:3   | Reached **** piety under Yredelemnul
 12086 | Lair:3   | Reached XP level 12. HP: 66/89 MP: 18/18
 12365 | Lair:3   | Found a hole to the Spider Nest.
 12452 | Lair:4   | Noticed Nessos
 12648 | Lair:4   | Noticed Nergalle
 12671 | Lair:4   | Killed Nergalle
 12712 | Lair:4   | Noticed Kirke
 13206 | Lair:3   | Killed Kirke
 13463 | Lair:4   | Reached ***** piety under Yredelemnul
 13464 | Lair:4   | Received a gift from Yredelemnul (a mummy)
 13518 | Lair:4   | Reached skill level 10 in Invocations
 14163 | Lair:5   | Noticed a death yak
 14191 | Lair:5   | Killed a death yak
 14413 | Lair:5   | Noticed a six-headed hydra
 14418 | Lair:5   | Killed a six-headed hydra
 14464 | Lair:5   | Noticed a death yak
 14466 | Lair:5   | Noticed a death yak
 14473 | Lair:5   | Killed a death yak
 14473 | Lair:5   | Received a gift from Yredelemnul (5 flying skulls)
 14488 | Lair:5   | Killed a death yak
 15039 | Lair:6   | Entered Level 6 of the Lair of Beasts
 15039 | Lair:6   | Noticed a five-headed hydra
 15045 | Lair:6   | Found a staircase to the Slime Pits.
 15046 | Lair:6   | Killed a five-headed hydra
 15046 | Lair:6   | Reached skill level 1 in Throwing
 15101 | Slime:1  | Entered Level 1 of the Pits of Slime
 15108 | Lair:6   | Gained mutation: You have hooves in place of feet. [demonic
                  | ancestry]
 15108 | Lair:6   | Reached XP level 13. HP: 89/98 MP: 20/20
 15218 | Slime:1  | Gained mutation: Your body sometimes deteriorates upon
                  | taking damage. [a shining eye]
 15352 | Lair:6   | Received a gift from Yredelemnul (4 flying skulls)
 15402 | Lair:6   | Reached skill level 5 in Stealth
 15454 | Lair:6   | Killed Nessos
 15778 | Lair:6   | Noticed Josephine
 15798 | Lair:6   | Killed Josephine
 15847 | Lair:6   | Your ally Nessos died
 15859 | Lair:6   | Found a large runed door.
 15859 | Lair:6   | Found a large runed door.
 15860 | Lair:6   | Noticed a fire dragon
 15928 | Lair:6   | Reached skill level 10 in Shields
 15949 | Lair:6   | Engulfed by a fire crab's flame

Skill      XL: |  1  2  3  4  5  6  7  8  9 10 11 12 13 |
---------------+----------------------------------------+-----
Polearms       | 2 4 5 6 7 8 9 10 11 | 11.6
Shields        | 3 4 5 6 7 8 9 10 | 10.0
Armour         | 3 4 5 7 8 9 |  9.4
Fighting       | 4 5 6 8 |  8.5
Stealth        | 1 2 4 5 |  5.3
Dodging        | 1 2 3 4 |  4.7
Invocations    | 3 6 8 10 11 | 11.5
Throwing       | 1 2 |  2.7

Action                   |  1- 3 |  4- 6 |  7- 9 | 10-12 | 13-15 || total
-------------------------+-------+-------+-------+-------+-------++-------
Melee: Trident           |   128 |   114 |   196 |       |       ||   438
       Kick              |    18 |    22 |       |       |    48 ||    88
       Spear             |       |       |   242 |   609 |   162 ||  1013
       Unarmed           |       |       |       |     4 |       ||     4
Throw: Javelin           |       |       |       |    15 |     6 ||    21
Invok: Animate Remains   |       |       |     4 |     9 |       ||    13
       Animate Dead      |       |       |       |    19 |     7 ||    26
       Injury Mirror     |       |       |       |     1 |       ||     1
       Drain Life        |       |       |       |     1 |       ||     1
  Use: Potion            |       |     4 |       |     6 |     1 ||    11
       Scroll            |       |       |       |    15 |     1 ||    16
 Stab: Distracted        |       |     1 |     4 |     6 |     6 ||    17
       Invisible         |       |       |       |     3 |       ||     3
       Petrifying        |       |       |       |     1 |       ||     1
  Eat: Chunk             |       |     2 |    12 |    10 |       ||    24
       Ration            |       |     1 |     1 |     8 |     1 ||    11
Armor: Scale mail        |    37 |    36 |    82 |    15 |       ||   170
       Chain mail        |       |       |       |    61 |    19 ||    80
Dodge: Dodged            |    22 |    19 |    48 |    43 |    13 ||   145
Block: Shield            |    56 |    44 |   199 |   216 |    44 ||   559
